[ AOE2 MATCH · #506465429 ]
UnrankedVikings vs Aztecs
Player's team · LOSS
Rival team · WIN
[ REPLAY ANALYSIS · EXTRACTED FROM THE RECORDED GAME ]
Feudal
10:19
Castle
—
Imperial
—
| APM avg | 68.0 |
| APM peak | 109 |
| eAPM avg | 33.3 |
| Villagers / military | 58 / 19 |
Focus
⚔️ 43.7% · 🌾 56.3%
Skirmisher ×17 · Fishing Ship ×7 · Archer ×2 · Unknown (2626) ×2
Feudal
10:06
Castle
23:08
Imperial
—
| APM avg | 57.0 |
| APM peak | 74 |
| eAPM avg | 24.6 |
| Villagers / military | 68 / 28 |
Focus
⚔️ 36.2% · 🌾 63.8%
Archer ×12 · Eagle Scout ×10 · Unknown (2626) ×6 · Militia ×4 · Fishing Ship ×4 · Galley ×2
Match map
Initial resources + every placement click. Lines = walls · curves = elevation contours. ◆ gold · ⬟ stone · ● berries · ✦ relic · ◌ wall gap
Your base· ✓ Map-separated
AOKI_Thanouille's base· ✓ Map-separated
Smoothed initial terrain · ◌ = detected wall gap · hover for details
Inputs per minute
— CNZS_迷你车仁 - - AOKI_Thanouille
Build order — CNZS_迷你车仁
First 150 of 157 actions detected
| 0:00 | Queue | Villager (Male) |
| 0:00 | Queue | Villager (Male) |
| 0:01 | Build | House |
| 0:02 | Build | House |
| 0:09 | Queue | Villager (Male) |
| 0:09 | Queue | Villager (Male) |
| 0:10 | Queue | Villager (Male) |
| 1:25 | Build | Lumber Camp |
| 1:33 | Queue | Villager (Male) |
| 1:33 | Queue | Villager (Male) |
| 1:48 | Queue | Villager (Male) |
| 1:49 | Queue | Villager (Male) |
| 2:20 | Queue | Villager (Male) |
| 2:21 | Queue | Villager (Male) |
| 2:47 | Queue | Villager (Male) |
| 2:47 | Queue | Villager (Male) |
| 3:16 | Queue | Villager (Male) |
| 3:16 | Queue | Villager (Male) |
| 3:26 | Build | Dock |
| 3:47 | Build | House |
| 3:51 | Queue | Villager (Male) |
| 3:52 | Queue | Villager (Male) |
| 4:11 | Queue | Villager (Male) |
| 4:11 | Queue | Villager (Male) |
| 4:39 | Queue | Fishing Ship |
| 4:40 | Queue | Fishing Ship |
| 4:40 | Queue | Fishing Ship |
| 4:43 | Queue | Villager (Male) |
| 4:43 | Queue | Villager (Male) |
| 4:57 | Queue | Villager (Male) |
| 4:57 | Queue | Villager (Male) |
| 5:07 | Queue | Fishing Ship |
| 5:19 | Queue | Villager (Male) |
| 5:19 | Queue | Villager (Male) |
| 5:37 | Build | House |
| 5:49 | Queue | Villager (Male) |
| 5:51 | Queue | Fishing Ship |
| 5:56 | Queue | Villager (Male) |
| 5:56 | Queue | Villager (Male) |
| 6:13 | Queue | Fishing Ship |
| 6:30 | Build | House |
| 6:38 | Queue | Villager (Male) |
| 6:39 | Queue | Villager (Male) |
| 6:39 | Queue | Villager (Male) |
| 7:04 | Queue | Villager (Male) |
| 7:04 | Queue | Villager (Male) |
| 7:20 | Research | Loom |
| 7:28 | Queue | Fishing Ship |
| 8:07 | Research | Feudal Age |
| 8:18 | Build | Lumber Camp |
| 8:48 | Build | House |
| 9:06 | Build | Dock |
| 9:18 | Queue | Villager (Male) |
| 9:24 | Build | Mining Camp |
| 9:58 | Build | Palisade Wall |
| 9:59 | Build | Palisade Wall |
| 10:01 | Build | Palisade Wall |
| 10:02 | Build | Palisade Wall |
| 10:19 | Age | Feudal Age |
| 10:23 | Build | Palisade Wall |
| 10:45 | Queue | Villager (Male) |
| 10:45 | Queue | Villager (Male) |
| 10:54 | Build | Barracks |
| 11:01 | Build | House |
| 11:06 | Build | Palisade Gate |
| 11:31 | Queue | Villager (Male) |
| 11:47 | Queue | Villager (Male) |
| 12:02 | Build | Archery Range |
| 12:06 | Queue | Villager (Male) |
| 12:10 | Build | Dock |
| 12:18 | Queue | Villager (Male) |
| 12:27 | Build | Palisade Wall |
| 12:31 | Queue | Villager (Male) |
| 12:38 | Queue | Skirmisher |
| 12:38 | Queue | Skirmisher |
| 12:40 | Build | Mill |
| 12:48 | Build | House |
| 12:53 | Build | House |
| 12:58 | Queue | Skirmisher |
| 12:58 | Queue | Skirmisher |
| 12:59 | Build | House |
| 13:12 | Queue | Villager (Male) |
| 13:20 | Build | Blacksmith |
| 13:21 | Build | Palisade Wall |
| 13:33 | Queue | Skirmisher |
| 13:39 | Queue | Villager (Male) |
| 13:41 | Queue | Skirmisher |
| 14:01 | Build | House |
| 14:03 | Queue | Unit 2626 |
| 14:03 | Queue | Unit 2626 |
| 14:04 | Queue | Villager (Male) |
| 14:06 | Research | Forging |
| 14:06 | Research | Forging |
| 14:07 | Build | House |
| 14:12 | Research | Fletching |
| 14:12 | Research | Fletching |
| 14:35 | Research | Padded Archer Armor |
| 14:35 | Research | Padded Archer Armor |
| 14:35 | Queue | Villager (Male) |
| 14:52 | Build | Mining Camp |
| 14:55 | Queue | Skirmisher |
| 14:55 | Queue | Skirmisher |
| 14:55 | Queue | Skirmisher |
| 15:18 | Queue | Skirmisher |
| 15:19 | Queue | Skirmisher |
| 15:19 | Queue | Villager (Male) |
| 15:24 | Build | House |
| 15:25 | Build | House |
| 15:43 | Build | Mining Camp |
| 15:49 | Build | Market |
| 15:56 | Build | Farm |
| 15:56 | Build | Farm |
| 15:57 | Build | Farm |
| 15:58 | Build | Farm |
| 16:00 | Queue | Skirmisher |
| 16:01 | Queue | Villager (Male) |
| 16:01 | Queue | Villager (Male) |
| 16:34 | Build | Palisade Gate |
| 16:42 | Build | House |
| 16:49 | Build | House |
| 16:56 | Queue | Skirmisher |
| 16:56 | Queue | Skirmisher |
| 17:27 | Queue | Villager (Male) |
| 17:41 | Queue | Villager (Male) |
| 17:59 | Queue | Villager (Male) |
| 18:01 | Build | Farm |
| 18:05 | Build | Farm |
| 18:06 | Build | Farm |
| 18:06 | Build | Farm |
| 18:22 | Build | Watch Tower |
| 18:43 | Queue | Villager (Male) |
| 18:43 | Queue | Villager (Male) |
| 18:48 | Build | Farm |
| 19:15 | Build | House |
| 19:17 | Build | House |
| 19:45 | Queue | Skirmisher |
| 19:46 | Queue | Skirmisher |
| 19:59 | Queue | Villager (Male) |
| 20:00 | Queue | Villager (Male) |
| 20:03 | Build | Farm |
| 20:04 | Build | Farm |
| 20:08 | Queue | Skirmisher |
| 20:09 | Queue | Villager (Male) |
| 20:09 | Queue | Villager (Male) |
| 20:36 | Queue | Villager (Male) |
| 20:41 | Build | Watch Tower |
| 21:14 | Queue | Archer |
| 21:14 | Queue | Archer |
| 21:28 | Build | Watch Tower |
| 21:42 | Research | Castle Age |
Build order — AOKI_Thanouille
First 150 of 195 actions detected
| 0:00 | Queue | Villager (Male) |
| 0:01 | Queue | Villager (Male) |
| 0:01 | Queue | Villager (Male) |
| 0:01 | Queue | Villager (Male) |
| 0:02 | Queue | Villager (Male) |
| 0:03 | Build | House |
| 0:04 | Build | House |
| 1:12 | Queue | Villager (Male) |
| 1:12 | Queue | Villager (Male) |
| 1:30 | Build | Lumber Camp |
| 1:49 | Queue | Villager (Male) |
| 2:23 | Queue | Villager (Male) |
| 2:50 | Queue | Villager (Male) |
| 2:50 | Queue | Villager (Male) |
| 2:59 | Build | House |
| 3:15 | Queue | Villager (Male) |
| 3:38 | Queue | Villager (Male) |
| 3:59 | Build | Dock |
| 4:03 | Queue | Villager (Male) |
| 4:04 | Queue | Villager (Male) |
| 4:19 | Build | Palisade Wall |
| 4:20 | Build | Palisade Wall |
| 4:23 | Build | Palisade Wall |
| 4:28 | Queue | Villager (Male) |
| 4:28 | Queue | Villager (Male) |
| 4:47 | Build | House |
| 4:53 | Queue | Villager (Male) |
| 4:57 | Queue | Fishing Ship |
| 5:15 | Queue | Villager (Male) |
| 5:15 | Queue | Villager (Male) |
| 5:32 | Queue | Fishing Ship |
| 5:32 | Queue | Fishing Ship |
| 5:39 | Queue | Villager (Male) |
| 5:51 | Queue | Villager (Male) |
| 6:13 | Queue | Villager (Male) |
| 6:13 | Research | Loom |
| 6:15 | Queue | Fishing Ship |
| 7:12 | Build | Barracks |
| 7:28 | Queue | Villager (Male) |
| 7:43 | Build | House |
| 7:50 | Research | Feudal Age |
| 7:50 | Research | Feudal Age |
| 8:09 | Build | House |
| 8:11 | Queue | Militia |
| 8:19 | Build | Mining Camp |
| 8:23 | Queue | Militia |
| 8:45 | Queue | Militia |
| 8:45 | Queue | Militia |
| 9:21 | Queue | Villager (Male) |
| 10:06 | Queue | Villager (Male) |
| 10:06 | Age | Feudal Age |
| 10:08 | Build | Archery Range |
| 10:09 | Research | Man-at-Arms (upgrade) |
| 10:09 | Research | Man-at-Arms (upgrade) |
| 10:09 | Queue | Villager (Male) |
| 10:22 | Queue | Villager (Male) |
| 10:29 | Queue | Villager (Male) |
| 10:31 | Queue | Unit 2626 |
| 10:50 | Build | Mill |
| 10:51 | Queue | Villager (Male) |
| 10:57 | Research | Double-Bit Axe |
| 10:58 | Research | Double-Bit Axe |
| 10:58 | Queue | Villager (Male) |
| 11:18 | Build | House |
| 11:19 | Queue | Archer |
| 11:21 | Queue | Unit 2626 |
| 11:22 | Queue | Villager (Male) |
| 11:26 | Build | House |
| 11:49 | Build | Blacksmith |
| 11:52 | Queue | Villager (Male) |
| 12:01 | Queue | Archer |
| 12:20 | Build | Watch Tower |
| 12:21 | Queue | Villager (Male) |
| 12:21 | Queue | Archer |
| 12:31 | Build | House |
| 12:34 | Queue | Villager (Male) |
| 12:40 | Research | Fletching |
| 12:40 | Research | Fletching |
| 12:43 | Queue | Villager (Male) |
| 12:48 | Build | House |
| 12:52 | Queue | Galley |
| 12:57 | Queue | Galley |
| 12:59 | Queue | Villager (Male) |
| 13:05 | Build | Palisade Wall |
| 13:05 | Build | Palisade Wall |
| 13:05 | Build | Palisade Wall |
| 13:06 | Build | Palisade Wall |
| 13:06 | Build | Palisade Wall |
| 13:06 | Build | Palisade Wall |
| 13:07 | Build | Palisade Wall |
| 13:07 | Build | Palisade Wall |
| 13:07 | Build | Palisade Wall |
| 13:10 | Build | Palisade Wall |
| 13:13 | Queue | Villager (Male) |
| 13:14 | Build | Farm |
| 13:17 | Queue | Unit 2626 |
| 13:18 | Queue | Villager (Male) |
| 13:22 | Queue | Archer |
| 13:25 | Build | Palisade Wall |
| 13:29 | Build | Palisade Wall |
| 13:44 | Queue | Villager (Male) |
| 13:48 | Queue | Archer |
| 13:53 | Queue | Villager (Male) |
| 13:56 | Build | Palisade Wall |
| 13:58 | Build | Palisade Wall |
| 13:59 | Queue | Villager (Male) |
| 14:00 | Queue | Villager (Male) |
| 14:02 | Queue | Unit 2626 |
| 14:02 | Queue | Unit 2626 |
| 14:09 | Queue | Villager (Male) |
| 14:16 | Queue | Villager (Male) |
| 14:18 | Build | Farm |
| 14:19 | Build | Farm |
| 14:20 | Build | Farm |
| 14:22 | Build | Farm |
| 14:22 | Queue | Villager (Male) |
| 14:27 | Queue | Archer |
| 14:28 | Queue | Villager (Male) |
| 14:30 | Queue | Villager (Male) |
| 14:39 | Build | Palisade Wall |
| 14:50 | Build | Mining Camp |
| 14:53 | Build | Farm |
| 15:00 | Build | Outpost |
| 15:01 | Research | Town Watch |
| 15:07 | Queue | Archer |
| 15:19 | Queue | Unit 2626 |
| 15:24 | Queue | Villager (Male) |
| 15:32 | Build | Farm |
| 15:34 | Build | Farm |
| 15:35 | Build | Farm |
| 15:38 | Queue | Villager (Male) |
| 15:41 | Build | House |
| 15:42 | Build | Outpost |
| 16:10 | Research | Horse Collar |
| 16:10 | Queue | Villager (Male) |
| 16:22 | Queue | Villager (Male) |
| 16:29 | Queue | Villager (Male) |
| 16:32 | Queue | Villager (Male) |
| 16:38 | Queue | Villager (Male) |
| 16:48 | Build | House |
| 16:49 | Queue | Villager (Male) |
| 16:55 | Queue | Archer |
| 16:56 | Queue | Eagle Scout |
| 16:57 | Queue | Villager (Male) |
| 17:04 | Queue | Eagle Scout |
| 17:13 | Build | Farm |
| 17:22 | Build | House |
| 17:23 | Queue | Archer |
| 17:27 | Queue | Villager (Male) |
| 17:30 | Build | Market |
Match timeline
| 3:26 | CNZS_迷你车仁 · first_building Dock |
| 3:59 | AOKI_Thanouille · first_building Dock |
| 4:19 | AOKI_Thanouille · wall_segment Palisade Wall x1 |
| 4:20 | AOKI_Thanouille · wall_segment Palisade Wall x1 |
| 4:23 | AOKI_Thanouille · wall_segment Palisade Wall x1 |
| 7:12 | AOKI_Thanouille · first_building Barracks |
| 9:58 | CNZS_迷你车仁 · wall_segment Palisade Wall x1 |
| 9:59 | CNZS_迷你车仁 · wall_segment Palisade Wall x1 |
| 10:01 | CNZS_迷你车仁 · wall_segment Palisade Wall x2 |
| 10:02 | CNZS_迷你车仁 · wall_segment Palisade Wall x2 |
| 10:06 | AOKI_Thanouille · age_up feudal |
| 10:08 | AOKI_Thanouille · first_building Archery Range |
| 10:19 | CNZS_迷你车仁 · age_up feudal |
| 10:23 | CNZS_迷你车仁 · wall_segment Palisade Wall x1 |
| 10:54 | CNZS_迷你车仁 · first_building Barracks |
| 12:02 | CNZS_迷你车仁 · first_building Archery Range |
| 12:27 | CNZS_迷你车仁 · wall_segment Palisade Wall x8 |
| 13:05 | AOKI_Thanouille · wall_segment Palisade Wall x1 |
| 13:05 | AOKI_Thanouille · wall_segment Palisade Wall x1 |
| 13:05 | AOKI_Thanouille · wall_segment Palisade Wall x1 |
| 13:06 | AOKI_Thanouille · wall_segment Palisade Wall x2 |
| 13:06 | AOKI_Thanouille · wall_segment Palisade Wall x1 |
| 13:06 | AOKI_Thanouille · wall_segment Palisade Wall x1 |
| 13:07 | AOKI_Thanouille · wall_segment Palisade Wall x1 |
| 13:07 | AOKI_Thanouille · wall_segment Palisade Wall x2 |
| 13:07 | AOKI_Thanouille · wall_segment Palisade Wall x2 |
| 13:10 | AOKI_Thanouille · wall_segment Palisade Wall x1 |
| 13:21 | CNZS_迷你车仁 · wall_segment Palisade Wall x7 |
| 13:25 | AOKI_Thanouille · wall_segment Palisade Wall x7 |
| 13:29 | AOKI_Thanouille · wall_segment Palisade Wall x6 |
| 13:56 | AOKI_Thanouille · wall_segment Palisade Wall x12 |
| 13:58 | AOKI_Thanouille · wall_segment Palisade Wall x5 |
| 14:39 | AOKI_Thanouille · wall_segment Palisade Wall x1 |
| 21:10 | AOKI_Thanouille · first_market_sell 100 food |
| 21:12 | AOKI_Thanouille · first_market_buy 100 stone |
| 21:17 | CNZS_迷你车仁 · first_market_sell 100 wood |
| 21:18 | CNZS_迷你车仁 · first_market_buy 100 food |
| 23:04 | CNZS_迷你车仁 · wall_segment Stone Wall x1 |
| 23:06 | CNZS_迷你车仁 · wall_segment Palisade Wall x1 |
| 23:08 | CNZS_迷你车仁 · wall_segment Palisade Wall x1 |
| 23:08 | AOKI_Thanouille · age_up castle |
| 23:11 | AOKI_Thanouille · first_building Siege Workshop |
| 23:15 | CNZS_迷你车仁 · resign |
[ AI ANALYSIS · 1 CREDIT ]
What really happened in this match?
Wolo.gg analyzes every decision: build order, eco, micro, common mistakes by bracket. Personalized analysis on WhatsApp or Discord in 30 seconds.
Civ guide
Vikings
Perfil
Jugador #5036165